 Dungeon Crawl Stone Soup version 0.19.5 (webtiles) character file.

1127 blueshrew the Slasher (level 8, -11/54 HPs)
             Began as a High Elf Skald on May 2, 2017.
             Was an Initiate of Okawaru.
             Mangled by Pikel
             ... wielding a +2 whip of electrocution
              (15 damage)
             ... on level 8 of the Dungeon.
             The game lasted 00:21:10 (4804 turns).

blueshrew the Slasher (High Elf Skald)              Turns: 4804, Time: 00:21:10

Health: -11/54     AC: 22    Str: 11    XL:     8   Next: 13%
Magic:  16/21      EV: 11    Int: 17    God:    Okawaru [......]
Gold:   206        SH:  0    Dex: 16    Spells: 1 memorised, 10 levels left

rFire  . . .     SeeInvis .     a - +0 falchion
rCold  . . .     Gourm    .     v - +4 scale mail
rNeg   . . .     Faith    .     (no shield)
rPois  .         Spirit   .     A - +2 hat
rElec  .         Reflect  .     F - +2 cloak
rCorr  .         Harm     .     p - +2 pair of gloves
MR     .....                    J - +2 pair of boots {Stlth+}
Stlth  ..........               (no amulet)
                                n - ring of magical power
                                s - ring of wizardry

@: infused (expiring), flying
A: no striking features
a: Renounce Religion


You were on level 8 of the Dungeon.
You worshipped Okawaru.
Okawaru was noncommittal.
You were not hungry.

You visited 2 branches of the dungeon, and saw 8 of its levels.
You also visited: Ossuary.

You collected 206 gold pieces.

Inventory:

Hand Weapons
 a - a +0 falchion (weapon)
 C - the +6 mace "Duiby" {holy, rF+ rC+ rN+ Int-5}
   (You found it on level 4 of the Dungeon)

   It has been blessed by the Shining One to cause great damage to the undead
   and demons.
   It affects your intelligence (-5).
   It protects you from fire.
   It protects you from cold.
   It protects you from negative energy.
Missiles
 t - 2 tomahawks of returning (quivered)
 D - 9 arrows
Armour
 b - a +0 leather armour
 e - a +0 shield
 p - a +2 pair of gloves (worn)
 v - a +4 scale mail (worn)
 A - a +2 hat (worn)
 B - a +1 cloak
 F - a +2 cloak (worn)
 J - a +2 pair of boots of stealth (worn)
Jewellery
 m - an uncursed ring of protection from fire
 n - a ring of magical power (right hand)
 s - a ring of wizardry (left hand)
 K - an uncursed ring of ice
Scrolls
 g - a scroll of magic mapping {unknown}
 j - a scroll of enchant armour
 k - 2 scrolls of fear
 r - 4 scrolls of remove curse
 u - a scroll of amnesia
 w - a scroll of random uselessness {unknown}
 y - 2 scrolls of fog
 H - 2 scrolls of noise {unknown}
 I - 2 scrolls of identify
 L - a scroll of holy word {unknown}
Potions
 f - 2 potions of cure mutation
 i - 3 potions of curing
 l - 3 potions of brilliance
 q - a potion of cancellation
 x - 3 potions of ambrosia
Books
 c - a book of Battle

   Spells                             Type                      Level
   a - Infusion                       Charms                       1
   b - Shroud of Golubria             Charms/Translocation         2
   c - Song of Slaying                Charms                       2
   d - Spectral Weapon                Hexes/Charms                 3
   e - Regeneration                   Charms/Necromancy            3
Comestibles
 d - 2 bread rations
 h - 4 meat rations
 o - 5 beef jerkies
 z - 3 chunks of flesh
 E - 3 fruits


   Skills:
 - Level 4.1 Fighting
 + Level 6.9 Long Blades
 - Level 4.4 Armour
 - Level 5.0 Dodging
 - Level 1.4 Shields
 - Level 2.4 Spellcasting
 - Level 3.6 Charms


You had 10 spell levels left.
You knew the following spells:

 Your Spells              Type           Power        Failure   Level  Hunger
a - Infusion              Chrm           ##..         10%         1    #......


Dungeon Overview and Level Annotations

Branches:
Dungeon (6/15)             Temple (1/1) D:5

Altars:
Ashenzari
Dithmenos
Elyvilon
Fedhas
Hepliaklqana
Kikubaaqudgha
Makhleb
Nemelex Xobeh
Okawaru
Qazlal
Ru
Sif Muna
Trog
Uskayaw
Xom
Yredelemnul
Zin
The Shining One

Shops:
D:4 :   D:5 }

Annotations:
D:8 Pikel


Message History

You barely miss Pikel.
Pikel is moderately wounded.
The crimson imp hits you but does no damage.
Pikel hits you with a whip of electrocution.
* * * LOW HITPOINT WARNING * * *
You hit Pikel.
Pikel is heavily wounded.
The crimson imp hits you but does no damage.
Pikel closely misses you.
You barely miss Pikel.
Pikel is heavily wounded.
The crimson imp blinks!
Pikel barely misses you.
You riposte.
You hit Pikel but do no damage.
Pikel is heavily wounded.
You completely miss Pikel.
Pikel is heavily wounded.
You hit Pikel.
Pikel is heavily wounded.
Pikel hits you but does no damage.
You are electrocuted!
You die...

##.######
#.....?@# ##
#..####K# ..
###.....pp#.####
........pp....#
##.###..5#.##.#
#.....#....pp.
#.....>..###.p
##.#####.# p#
###.### .# #


You could see Pikel, 4 slaves and a crimson imp.

Vanquished Creatures
  A wraith (Ossuary)
  Edmund (D:4)
  An ogre (D:4)
  A phantom (D:3)
  A bullfrog (D:8)
  A scorpion (D:5)
  A water moccasin skeleton (D:5)
  2 howler monkeys (D:5)
  A crimson imp (D:5)
  4 orc wizards
  2 jellies (D:5)
  Crazy Yiuf (D:4)
  An iguana (D:3)
  A worker ant (D:4)
  A hound zombie (D:5)
  A mummy (Ossuary)
  6 adders
  2 adder zombies (D:5)
  A worm (D:4)
  2 dart slugs (D:1)
  2 leopard geckos
  11 orcs
  7 bats
  3 giant cockroaches
  6 goblins
  5 hobgoblins
  5 jackals (D:1)
  A quokka (D:5)
  A ball python (D:5)
  5 frilled lizards
  4 gnoll skeletons (Ossuary)
  4 kobolds
  6 kobold skeletons (Ossuary)
  A leopard gecko zombie (D:5)
  15 orc skeletons (Ossuary)
  6 rats
114 creatures vanquished.

Notes
Turn   | Place    | Note
-------+----------+-------------------------------------------
     0 | D:1      | blueshrew the High Elf Skald began the quest for the Orb.
     0 | D:1      | Reached XP level 1. HP: 14/14 MP: 4/4
   185 | D:1      | Reached skill level 3 in Long Blades
   279 | D:1      | Reached XP level 2. HP: 12/19 MP: 6/6
   504 | D:1      | Reached skill level 4 in Long Blades
   663 | D:1      | Reached XP level 3. HP: 24/24 MP: 7/7
  1371 | D:3      | Reached skill level 5 in Long Blades
  1371 | D:3      | Reached XP level 4. HP: 17/29 MP: 1/8
  1625 | D:3      | Noticed a phantom
  1660 | D:3      | Killed a phantom
  1660 | D:3      | Reached XP level 5. HP: 34/37 MP: 9/9
  1740 | D:3      | Found a bloodstained altar of Trog.
  2103 | D:3      | Reached skill level 1 in Armour
  2186 | D:4      | Got a faintly glowing mace
  2187 | D:4      | Identified the +6 mace "Duiby" {holy, rF+ rC+ rN+ Int-5} (You found it on level 4 of the Dungeon)
  2263 | D:4      | Found a hide-covered altar of Uskayaw.
  2338 | D:4      | Found a sand-covered staircase.
  2346 | Ossuary  | Entered an ossuary
  2346 | Ossuary  | Noticed a wraith
  2346 | Ossuary  | Noticed a wraith
  2346 | Ossuary  | Noticed a wraith
  2394 | Ossuary  | Reached XP level 6. HP: 23/43 MP: 10/10
  2410 | Ossuary  | Gained mutation: You have an increased reservoir of magic. (+10% MP) [potion of mutation]
  2410 | Ossuary  | Gained mutation: You have a beak for a mouth. [potion of mutation]
  2410 | Ossuary  | Gained mutation: You are weak. (Str -2) [potion of mutation]
  2411 | Ossuary  | Lost mutation: You are weak. (Str -2) [potion of cure mutation]
  2411 | Ossuary  | Lost mutation: You have an increased reservoir of magic. (+10% MP) [potion of cure mutation]
  2411 | Ossuary  | Lost mutation: You have a beak for a mouth. [potion of cure mutation]
  2423 | Ossuary  | Noticed a wraith
  2452 | Ossuary  | HP: 3/64 [wraith (11)]
  2453 | Ossuary  | Killed a wraith
  2886 | D:4      | Found Hevvunk's Book Shop.
  2977 | D:4      | Reached XP level 7. HP: 48/48 MP: 11/11
  3137 | D:4      | Noticed Edmund
  3219 | D:4      | Killed Edmund
  3568 | D:4      | Found a runed door.
  3572 | D:4      | Noticed Crazy Yiuf
  3579 | D:4      | Killed Crazy Yiuf
  3685 | D:5      | Entered Level 5 of the Dungeon
  3756 | D:5      | Found Elen's Gadget Emporium.
  3862 | D:5      | Reached skill level 5 in Dodging
  4040 | D:5      | Reached skill level 1 in Shields
  4201 | D:5      | Reached skill level 6 in Long Blades
  4320 | D:5      | Reached XP level 8. HP: 52/54 MP: 12/12
  4487 | D:5      | Found a staircase to the Ecumenical Temple.
  4497 | Temple   | Entered the Ecumenical Temple
  4520 | Temple   | Became a worshipper of Warmaster Okawaru
  4752 | D:6      | You fall through a shaft for 2 floors!
  4772 | D:8      | Noticed Pikel
  4804 | D:8      | Mangled by Pikel

Skill      XL: |  1  2  3  4  5  6  7 |
---------------+----------------------+-----
Long Blades    | 3 4 5 6 |  6.9
Fighting       | 4 |  4.1
Armour         | 2 4 |  4.4
Dodging        | 5 |  5.0
Shields        | 1 |  1.4
Spellcasting   | |  2.4
Charms         | |  3.6

Action                   |  1- 3 |  4- 6 |  7- 9 || total
-------------------------+-------+-------+-------++-------
Melee: Falchion          |    91 |   190 |   237 ||   518
Throw: Tomahawk          |    19 |     2 |       ||    21
 Cast: Infusion          |     9 |     9 |     9 ||    27
  Use: Scroll            |       |    14 |     1 ||    15
       Potion            |       |     4 |     4 ||     8
 Stab: Sleeping          |     3 |       |       ||     3
  Eat: Chunk             |     2 |     4 |     2 ||     8
       Bread ration      |       |     1 |     1 ||     2
Armor: Leather armour    |    28 |       |       ||    28
       Scale mail        |     8 |   112 |   144 ||   264
Dodge: Dodged            |    50 |    80 |   144 ||   274
       Rpst.: Falchion   |    16 |    19 |    38 ||    73
